 Dungeon Crawl Stone Soup version 0.28.0-53-g5a82cb258f (webtiles) character file.

Game seed: 16811312339833535621

74 mcbry74 the Insei (level 4, -3/32 HPs)
             Began as a Merfolk Transmuter on July 6, 2022.
             Slain by an adder (4 damage)
             ... in a sewer.
             The game lasted 00:07:45 (3323 turns).

mcbry74 the Insei (Merfolk Transmuter)              Turns: 3323, Time: 00:07:47

Health: -3/32      AC:  2    Str: 10    XL:     4   Next: 30%
Magic:  4/7        EV: 12    Int: 14    God:
Gold:   85         SH:  0    Dex: 14    Spells: 4/7 levels left

rFire   . . .      SeeInvis .     - Unarmed
rCold   . . .      Faith    .   (no shield)
rNeg    . . .      Spirit   .   a - +0 robe
rPois   .          Reflect  .   (helmet currently unavailable)
rElec   .          Harm     .   h - scarf {shadows}
rCorr   .          Rampage  .   (no gloves)
Will    .....                   (boots currently unavailable)
Stlth   +.........              (no amulet)
HPRegen 0.10/turn               (no ring)
MPRegen 0.10/turn               (no ring)

@: appendages, wereblooded
A: horns 2, (nimble swimmer 2), mertail
a: End Transformation


You were in a sewer.
You had temporarily grown beastly horns.
You visited 1 branch of the dungeon, and saw 3 of its levels.
You also visited: Sewer.

You collected 85 gold pieces.

Inventory:

Missiles
 k - 6 poisoned darts
Armour
 a - a +0 robe (worn)
 h - a scarf of shadows (worn)
Wands
 f - a wand of iceblast (3)
 i - a wand of mindburst (4)
Scrolls
 d - a scroll of magic mapping
Potions
 b - a potion of heal wounds {unknown}
 j - a potion of mutation {unknown}


   Skills:
 - Level 1.1 Fighting
 - Level 2.6 Dodging
 + Level 5.5 Unarmed Combat
 - Level 2.0 Spellcasting
 - Level 2.6 Transmutations


You had 4 spell levels left.
You knew the following spells:

 Your Spells              Type           Power      Damage    Failure   Level
a - Beastly Appendage     Tmut           16%        N/A       8%          1
b - Wereblood             Tmut           8%         N/A       12%         2

Your spell library contained the following spells:

 Spells                   Type           Power      Damage    Failure   Level
 Blink                    Tloc           2%         N/A       34%         2
 Spider Form              Tmut/Pois      5%         N/A       38%         3
 Portal Projectile        Hex/Tloc       2%         N/A       56%         3
 Ice Form                 Ice/Tmut       5%         N/A       80%         4
 Summon Ice Beast         Ice/Summ       1%         N/A       93%         4
 Summon Mana Viper        Hex/Summ       1%         N/A       100%        5
 Dispersal                Tloc           0%         N/A       100%        6
 Malign Gateway           Summ/Tloc      0%         N/A       100%        7
 Monstrous Menagerie      Summ           0%         N/A       100%        7


Dungeon Overview and Level Annotations

Branches:
Dungeon (3/15)              Sewer (1/1)

Altars:


Innate Abilities, Weirdness & Mutations

You have temporarily grown beastly horns.
((You are very nimble when in or above water. (Stealth+, EV+, Speed+++)))
Your lower body shifts to a powerful aquatic tail in water.


Message History

The adder bites you.
Casting: Beastly Appendage (safe; 8% risk of failure)
Confirm with . or Enter, or press ? or * to list all spells.
You grow a pair of large bovine horns.
The bullfrog misses you. The giant cockroach closely misses you.
The adder misses you.
A ball python comes into view.
Okay, then.
Casting: Beastly Appendage (safe; 8% risk of failure)
Confirm with . or Enter, or press ? or * to list all spells.
Your blood is infused with primal strength.
The ball python hisses angrily.
The bullfrog barely misses you. The adder bites you.
The giant cockroach barely misses you. The bullfrog hits you.
* * * LOW HITPOINT WARNING * * *
You closely miss the adder. You headbutt the adder.
The adder is lightly wounded.
The adder bites you.
* * * LOW HITPOINT WARNING * * *
The giant cockroach bites you.
* * * LOW HITPOINT WARNING * * *
The bullfrog hits you.
* * * LOW HITPOINT WARNING * * *
The adder bites you but does no damage.
You hit the giant cockroach. You punch the giant cockroach.
You feel a bit better.
You kill the giant cockroach!
The bullfrog barely misses you. The ball python completely misses you.
The ball python barely misses you. The adder bites you but does no damage.
The bullfrog closely misses you.
You closely miss the ball python. The ball python barely misses you.
The ball python closely misses you. The bullfrog barely misses you.
The adder closely misses you.
You completely miss the ball python. You headbutt the ball python.
You feel a bit better.
You kill the ball python!
You howl as the wereblood boils in your veins!
The bullfrog hits you!
* * * LOW HITPOINT WARNING * * *
The adder bites you.
You die...

**********#############
,,,,,,,,,,≈.≈≈≈S@SS...#
**********#######F≈≈≈.#
#≈≈≈≈.# #≈≈≈≈.#
**####** #.≈≈≈.#
****≈≈≈≈≈≈#### #≈≈≈≈.#
*≈≈≈≈≈≈≈≈≈≈≈≈####≈≈≈≈.#
≈≈≈≈≈≈≈≈≈≈≈≈≈≈≈##≈≈≈≈≈#
≈≈≈≈≈≈≈≈≈≈≈∩≈≈≈≈#≈≈≈≈≈#


You could see a bullfrog, an adder and 2 ball pythons.

Vanquished Creatures
  2 adders
  4 dart slugs
  An orc (D:3)
  7 ball pythons
  4 bats
  2 endoplasms
  3 giant cockroaches
  A goblin (D:1)
  5 hobgoblins
  A kobold (D:1)
  4 quokkas
  A frilled lizard (D:2)
  14 rats
49 creatures vanquished.

Notes
Turn   | Place    | Note
-------+----------+-------------------------------------------
     0 | D:1      | mcbry74 the Merfolk Transmuter began the quest for the Orb.
     0 | D:1      | Reached XP level 1. HP: 15/15 MP: 3/3
    61 | D:1      | You fall into a shaft and drop 1 floor!
    88 | D:2      | Reached skill level 4 in Unarmed Combat
    88 | D:2      | Reached XP level 2. HP: 15/21 MP: 3/5
   365 | D:2      | Found a faded altar of an unknown god.
   920 | D:1      | Learned a level 2 spell: Wereblood
  1073 | D:1      | Reached XP level 3. HP: 20/26 MP: 4/6
  1926 | D:1      | Got the Grimoire of the Voyage
  2307 | D:2      | Reached skill level 5 in Unarmed Combat
  2876 | D:3      | Reached XP level 4. HP: 25/32 MP: 5/7
  3013 | D:3      | Found a glowing drain.
  3023 | Sewer    | Entered a sewer
  3301 | Sewer    | Noticed a bullfrog
  3323 | Sewer    | HP: 1/32 [bullfrog (8)]
  3323 | Sewer    | Slain by an adder

Illustrated notes

Levels and vault maps discovered:
D:1:      lemuel_arrival_broad_hall, layout_loops_corners,
          kennysheep_nondescript
D:2:      layout_loops_ring, basic_ecumenical_altar, minmay_rat_gold_closets
D:3:      cheibrodos_helix_gallery, layout_rooms, portal_sewer_entry_a
Sewer:    sewer_frog_island_01

Skill      XL: |  1  2  3 |
---------------+----------+-----
Unarmed Combat | 4 5 |  5.5
Fighting       | |  1.1
Dodging        | |  2.6
Spellcasting   | |  2.0
Transmutations | |  2.6

Action                   |  1- 3 |  4- 6 || total
-------------------------+-------+-------++-------
Melee: Unarmed           |   122 |    39 ||   161
       Punch             |     5 |     1 ||     6
       Headbutt          |     7 |     4 ||    11
       Tailslap          |     1 |     2 ||     3
 Cast: Beastly Appendage |    22 |     4 ||    26
       Wereblood         |       |     1 ||     1
  Use: Scroll            |       |     4 ||     4
 Stab: Sleeping          |     2 |       ||     2
Armor: Robe              |    18 |     5 ||    23
Dodge: Dodged            |    61 |    44 ||   105
